 Dungeon Crawl Stone Soup version 0.31-a0-1278-g11c5b68f87 (webtiles) character file.

Game seed: 17490780809670355259

68016 gohu the Executioner (level 15, -1/140 (147) HPs)
             Began as a Hill Orc Fighter on Dec 17, 2023.
             Was the Champion of Okawaru.
             Slain by an orc knight
             ... wielding a +0 battleaxe
              (14 damage)
             ... on level 15 of the Dungeon.
             The game lasted 00:54:16 (21707 turns).

gohu the Executioner (Hill Orc Fighter)            Turns: 21707, Time: 00:54:17

HP:   -1/140 (147)  AC: 30    Str: 27    XL:     15   Next: 25%
MP:   22/22         EV:  6    Int: 10    God:    Okawaru [******]
Gold: 1361          SH:  0    Dex: 10    Spells: 14/14 levels left

rFire   . . .        o - +5 executioner's axe (elec)
rCold   . . .        (shield currently unavailable)
rNeg    . . .        Z - +0 crystal plate armour
rPois   .            w - +0 helmet
rElec   .            r - +0 cloak
rCorr   .            J - +2 pair of gloves
SInv    +            t - +0 pair of boots
Will    +....        H - amulet of faith Stlth
                     L - +4 ring of slaying
HPRegen 0.43/turn    U - ring "Lialopty" {Int+2 SInv}
MPRegen 0.18/turn

%: faith
@: slowed, studying Dodging, lightly drained, very slow
A: no striking features
a: Renounce Religion, Heroism, Finesse, Duel, Receive Weapon, Receive Armour


You were on level 15 of the Dungeon.
You worshipped Okawaru.
Okawaru was exalted by your worship.
You visited 3 branches of the dungeon, and saw 21 of its levels.
You also visited: Bailey and Gauntlet.

You collected 1786 gold pieces.
You spent 425 gold pieces at shops.

Inventory:

Hand Weapons
 o - a +5 executioner's axe of electrocution (weapon)
 A - the +7 war axe of the Madman {holy, *Rage rPois Dex+8 Stlth+}
   (You bought it in a shop on level 4 of the Dungeon)

   Dex+8:     It affects your dexterity (+8).
   rPois:     It protects you from poison *Rage: It berserks you when you make
   melee attacks (+20% chance).
   Stlth+:    It makes you more stealthy.
 G - a +0 vampiric morningstar
Missiles
 E - a throwing net
 Q - 4 silver javelins (quivered)
 Y - 13 javelins
Armour
 b - the +0 cloak "Ikomecutt" {+Blink Int+3}
   (You found it on level 5 of the Lair of Beasts)

   Int+3:     It affects your intelligence (+3).
   +Blink:    It lets you blink.
 c - a +0 buckler
 r - a +0 cloak (worn)
 t - a +0 pair of boots (worn)
 w - a +0 helmet (worn)
 J - a +2 pair of gloves (worn)
 P - a +2 plate armour of fire resistance
 Z - a +0 crystal plate armour (worn)
Jewellery
 H - an amulet of faith (around neck)
 L - a +4 ring of slaying (left hand)
 M - an amulet of regeneration
 O - a ring of poison resistance
 U - the ring "Lialopty" (right hand) {Int+2 SInv}
   (You found it in a Gauntlet)

   [ring of see invisible]

   Int+2:     It affects your intelligence (+2).
   SInv:      It lets you see invisible.
Wands
 f - a wand of digging (5)
 q - a wand of paralysis (39)
 F - a wand of polymorph (11)
 I - a wand of acid (13)
 W - a wand of mindburst (3)
Scrolls
 e - 5 scrolls of brand weapon {unknown}
 g - 4 scrolls of enchant armour
 i - 9 scrolls of teleportation
 k - 2 scrolls of revelation
 s - 3 scrolls of fear
 y - a scroll of immolation
 D - 2 scrolls of poison {unknown}
 K - a scroll of amnesia {unknown}
 N - 3 scrolls of fog
 V - 4 scrolls of blinking {unknown}
Potions
 d - 6 potions of might
 h - 2 potions of mutation
 l - 12 potions of curing
 n - 3 potions of attraction
 v - a potion of enlightenment
 x - 3 potions of heal wounds {unknown}
 z - a potion of cancellation {unknown}
 B - 3 potions of lignification {unknown}
 C - 6 potions of ambrosia
 R - a potion of resistance {unknown}
 T - 3 potions of haste {unknown}


   Skills:
 * Level 17.0 Fighting
 * Level 21.5 Axes
 + Level 0.6 Throwing
 + Level 12.8 Armour
 - Level 8.4 Shields
 + Level 9.6 Invocations


You had 14 spell levels left.
You didn't know any spells.
Your spell library contained the following spells:

 Spells                   Type           Power      Damage    Failure   Level
 Apportation              Tloc           0%         N/A       100%        1
 Kiss of Death            Conj/Necr      0%         2d5       100%        1
 Shock                    Conj/Air       0%         1d3       100%        1
 Blink                    Tloc           0%         N/A       100%        2
 Jinxbite                 Hex            0%         N/A       100%        2
 Lesser Beckoning         Tloc           0%         N/A       100%        2
 Momentum Strike          Conj/Tloc      0%         3d8       100%        2
 Sublimation of Blood     Necr           0%         N/A       100%        2
 Wereblood                Tmut           0%         N/A       100%        2
 Confusing Touch          Hex            0%         N/A       100%        3
 Hailstorm                Conj/Ice       0%         3d5       100%        3
 Inner Flame              Hex/Fire       0%         N/A       100%        3
 Sigil of Binding         Hex            0%         N/A       100%        3
 Swiftness                Air            0%         N/A       100%        3
 Airstrike                Air            0%         2d(0-16)  100%        4
 Dimensional Bullseye     Hex/Tloc       0%         N/A       100%        4
 Dispel Undead            Necr           0%         3d6       100%        4
 Flame Wave               Conj/Fire      0%         2d4       100%        4
 Petrify                  Tmut/Erth      0%         N/A       100%        4
 Sticky Flame             Conj/Fire      0%         2d3       100%        4
 Vhi's Electric Charge    Tloc/Air       0%         N/A       100%        4
 Alistair's Intoxication  Tmut/Pois      0%         N/A       100%        5
 Arcjolt                  Conj/Air       0%         1d10      100%        5
 Borgnjor's Vile Clutch   Necr/Erth      0%         N/A       100%        5
 Irradiate                Conj/Tmut      0%         3d11      100%        5
 Bombard                  Conj/Erth      0%         9d1       100%        6
 Plasma Beam              Fire/Air       0%         2x1d10    100%        6
 Call Canine Familiar     Summ           Unusable   N/A       N/A         3
 Animate Armour           Summ/Erth      Unusable   N/A       N/A         4
 Summon Ice Beast         Ice/Summ       Unusable   N/A       N/A         4
 Summon Mana Viper        Hex/Summ       Unusable   N/A       N/A         5
 Simulacrum               Ice/Necr       Unusable   N/A       N/A         6
 Summon Hydra             Summ           Unusable   N/A       N/A         7

Dungeon Overview and Level Annotations

Branches:
Dungeon (15/15)            Temple (1/1) D:4            Lair (5/5) D:11
 Shoals (0/4) Lair:2        Snake (0/4) Lair:2        Slime (0/5) Lair:5
    Orc (0/2) D:12         Vaults (0/5) D:14         Bailey (visited)
Gauntlet (visited)
 Depths: D:15

Altars:
Ashenzari
Cheibriados
Dithmenos
Elyvilon
Fedhas
Gozag
Hepliaklqana
Kikubaaqudgha
Makhleb
Nemelex Xobeh
Okawaru
Qazlal
Ru
Sif Muna
Trog
Uskayaw
Vehumet
Wu Jian
Xom
Yredelemnul
Zin
The Shining One
Beogh
Jiyva
Lugonu

Shops:
D:2 *   D:4 (   D:6 *   D:14 (

Portals:
Trove: D:12 (give +3 shadow dragon scales)

Annotations:
D:14 3 runed translucent doors, Agruq Axkidd's ghost, journeyman GrEE; Cusoif's ghost, adept HuCj


Message History

* * * LOW HITPOINT WARNING * * *
You slice the vampire mage!!
The vampire mage is almost destroyed.
You slice the orc knight!!
Lightning courses through the orc knight!!
The vampire mage draws life force from you!!
* * * LOW HITPOINT WARNING * * *
The vampire mage is healed by the life force!
The orc knight hits you with a +0 battleaxe!
* * * LOW HITPOINT WARNING * * *
A necromancer comes into view. It is wielding a +0 dagger.
The orc warrior hits you from afar with a +0 halberd.
* * * LOW HITPOINT WARNING * * *
The vampire mage hits you.
* * * LOW HITPOINT WARNING * * *
The vampire mage bites you but does no damage.
It was a potion of curing.
You feel better.
The necromancer shouts!
The orc knight closely misses you.
The orc warrior hits you from afar with a +0 halberd!
* * * LOW HITPOINT WARNING * * *
The vampire mage hits you but does no damage.
The vampire mage bites you but does no damage.
The orc knight hits you but does no damage.
The orc warrior hits you from afar with a +0 halberd.
* * * LOW HITPOINT WARNING * * *
You feel better.
The vampire mage hits you but does no damage.
The vampire mage bites you but does no damage.
The orc knight barely misses you.
The orc warrior hits you from afar with a +0 halberd!
* * * LOW HITPOINT WARNING * * *
The vampire mage hits you but does no damage.
The vampire mage bites you but does no damage.
You feel better.
The orc knight hits you but does no damage.
The orc warrior barely misses you. The vampire mage barely misses you.
The vampire mage bites you but does no damage.
The orc knight hits you with a +0 battleaxe!
You die...

.....#.....# ..###..#
.P...P......###.#.....
8.P..........#......
...8........# #....
P...P.......###..##
.........)..$.#...####
.$....P.p.............###
..8......)...#...........
.P...8..@o...#..#........
8P......)V...#..##.......
.$P......o....#.o........
.8.P.........###.W.#.....
..............##..##.....
.###..<.......#..#......
#...............#..".
##.........#...##....
##......#####.#.....


You could see an orc knight, a vampire mage, a necromancer and an orc warrior
(strong).

Vanquished Creatures
  Rupert (D:14)
  Frances (D:14)
  The ghost of Usyuh the Brawler, a journeyman DrFi of Hepliaklqana (Lair:5)
  A dire elephant (Lair:5)
  A minotaur (Gauntlet)
  2 vault guards
  3 catoblepae
  A ghost crab (Gauntlet)
  4 hydras
  A dancing weapon (D:14)
  2 two-headed ogres (D:9)
  2 centaur warriors
  3 boulder beetles
  8 death yaks (Lair:5)
  A tengu warrior (D:14)
  Nergalle (Lair:2)
  2 skeletal warriors (D:15)
  A spectral death yak (Lair:5)
  A storm dragon skeleton (D:15)
  A lindwurm (Lair:4)
  4 manticores
  A deep elf pyromancer (D:14)
  A cyclops (D:11)
  11 ugly things
  3 black mambas
  15 elephants
  Joseph (D:7)
  A minotaur zombie (Gauntlet)
  9 cane toads
  Maggie (D:6)
  A gargoyle (D:11)
  4 komodo dragons
  A rime drake (Lair:2)
  2 freezing wraiths (D:9)
  3 meliai (D:14)
  A queen bee (D:14)
  4 trolls
  A tengu conjurer (D:14)
  A polar bear (Lair:4)
  A wolf spider simulacrum (Gauntlet)
  Prince Ribbit (D:6)
  A troll (shapeshifter) (D:14)
  A hornet (D:8)
  A spriggan zombie (D:15)
  15 blink frogs
  5 dream sheep (Lair:4)
  A centaur simulacrum (Gauntlet)
  A spectral black mamba (Lair:5)
  A spriggan (shapeshifter) (D:13)
  A vampire (D:14)
  10 slime creatures
  3 wyverns
  34 yaks
  3 wraiths
  A shadow (D:12)
  A warg (D:14)
  A steam dragon (D:8)
  3 basilisks
  A spectral fire crab (Lair:5)
  6 vampire mosquitoes
  A harpy simulacrum (Gauntlet)
  3 nagas (Lair:2)
  4 acid dragons
  10 water moccasins
  Duvessa (D:6)
  4 black bears
  2 black mamba simulacra (Lair:5)
  An ice beast (D:5)
  11 orc warriors
  2 ogres (D:5)
  12 wolves
  4 centaurs
  A phantom (D:7)
  8 kobold brigands
  17 bullfrogs
  A scorpion (D:7)
  A cane toad simulacrum (Lair:5)
  4 wights (D:9)
  Dowan (D:6)
  28 killer bees
  An electric eel (Lair:4)
  3 hounds
  4 jellies
  15 orc priests
  A gnoll bouda (D:6)
  4 sleepcaps
  8 iguanas
  17 orc wizards
  A boggart simulacrum (Gauntlet)
  4 gnolls (D:6)
  8 adders
  2 shadow imps (D:5)
  2 white imps (D:7)
  2 ufetubi (D:5)
  4 worms
  4 dart slugs
  65 orcs
  4 ball pythons
  14 endoplasms
  8 giant cockroaches
  11 goblins
  11 hobgoblins
  4 jackals (D:3)
  35 kobolds
  A quokka (D:1)
  8 bats
  3 frilled lizards
  5 rats
560 creatures vanquished.

Vanquished Creatures (others)
  A kobold (Bailey)
1 creature vanquished.

Grand Total: 561 creatures vanquished

Notes
Turn   | Place    | Note
-------+----------+-------------------------------------------
     0 | D:1      | gohu the Hill Orc Fighter began the quest for the Orb.
     0 | D:1      | Reached XP level 1. HP: 19/19 MP: 1/1
    47 | D:1      | Reached XP level 2. HP: 24/27 MP: 2/2
   190 | D:1      | Reached skill level 3 in Axes
   349 | D:1      | Reached XP level 3. HP: 33/33 MP: 3/3
  1049 | D:2      | Found Nuegaps's General Store.
  1052 | D:2      | Bought a scroll of teleportation for 36 gold pieces
  1183 | D:3      | Reached skill level 4 in Axes
  1187 | D:2      | Reached XP level 4. HP: 36/40 MP: 4/4
  1944 | D:3      | Reached XP level 5. HP: 46/46 MP: 5/5
  1975 | D:4      | Found Railep's Antique Weapon Shoppe.
  1989 | D:4      | Reached skill level 5 in Axes
  2160 | D:3      | Found an ancient bone altar of Kikubaaqudgha.
  2228 | D:3      | Found a sparkling altar of Nemelex Xobeh.
  2467 | D:5      | Entered Level 5 of the Dungeon
  2820 | D:4      | Found a hazy altar of Hepliaklqana.
  2847 | D:4      | Found a stormy altar of Qazlal.
  2858 | D:4      | Reached XP level 6. HP: 46/53 MP: 6/6
  2940 | D:4      | Reached skill level 6 in Axes
  3039 | D:4      | Found a staircase to the Ecumenical Temple.
  3063 | Temple   | Entered the Ecumenical Temple
  3076 | Temple   | Became a worshipper of Warmaster Okawaru
  3336 | D:4      | Reached skill level 5 in Fighting
  3388 | D:4      | Found a shadowy altar of Dithmenos.
  3675 | D:5      | Reached XP level 7. HP: 61/61 MP: 7/7
  3676 | D:5      | Reached skill level 7 in Axes
  3748 | D:4      | Bought a brightly glowing war axe for 221 gold pieces
  3748 | D:4      | Identified the +7 war axe of the Madman {holy, *Rage rPois
                  | Dex+8 Stlth+} (You bought it in a shop on level 4 of the
                  | Dungeon)
  3789 | D:5      | Reached skill level 5 in Armour
  3804 | D:5      | Found a basalt altar of Yredelemnul.
  3949 | D:6      | Reached * piety under Okawaru
  4184 | D:5      | Reached skill level 8 in Axes
  4368 | D:6      | Reached XP level 8. HP: 58/69 MP: 8/8
  4535 | D:5      | Reached skill level 9 in Axes
  4818 | D:6      | Noticed Duvessa
  4818 | D:6      | Noticed Dowan
  4835 | D:6      | Killed Dowan
  4835 | D:6      | Reached ** piety under Okawaru
  4845 | D:6      | Killed Duvessa
  4846 | D:6      | Reached skill level 10 in Axes
  4846 | D:6      | Reached skill level 5 in Shields
  4975 | D:6      | Found a hide-covered altar of Uskayaw.
  5046 | D:6      | Noticed Maggie
  5057 | D:6      | Killed Maggie
  5058 | D:6      | Reached XP level 9. HP: 78/78 MP: 9/9
  5098 | D:6      | Found a shimmering blue altar of Sif Muna.
  5098 | D:6      | Found a glowing golden altar of the Shining One.
  5114 | D:6      | Noticed Prince Ribbit
  5140 | D:6      | Killed Prince Ribbit
  5141 | D:6      | Reached skill level 11 in Axes
  5165 | D:6      | Found an ornate altar of the Wu Jian Council.
  5167 | D:6      | Found an opulent altar of Gozag.
  5169 | D:6      | Found a bloodstained altar of Trog.
  5206 | D:6      | Identified the +7 dagger of Ycichabe {antimagic, SInv}
  5321 | D:6      | Got the Directory of Geological Apparitions
  5565 | D:6      | Found Jikhemef's General Store.
  5730 | D:7      | Noticed Joseph
  5741 | D:7      | Killed Joseph
  5741 | D:7      | Reached *** piety under Okawaru
  5742 | D:7      | Reached skill level 12 in Axes
  6459 | D:7      | Reached **** piety under Okawaru
  6736 | D:7      | Reached XP level 10. HP: 88/88 MP: 10/10
  7114 | D:9      | Reached skill level 13 in Axes
  7164 | D:9      | Noticed a two-headed ogre
  7184 | D:9      | Killed a two-headed ogre
  7201 | D:9      | Found a flagged portal.
  7210 | Bailey   | Entered a bailey
  7334 | Bailey   | Reached ***** piety under Okawaru
  7416 | Bailey   | Reached skill level 14 in Axes
  7419 | Bailey   | Found an iron altar of Okawaru.
  7678 | D:9      | Reached skill level 1 in Invocations
  7737 | D:10     | Entered Level 10 of the Dungeon
  7737 | D:10     | Noticed a centaur warrior
  7743 | D:10     | Killed a centaur warrior
  7743 | D:10     | Received a gift from Okawaru
  7903 | D:8      | Identified the +2 leather armour of the Game of Life {rElec
                  | rN+}
  7964 | D:8      | Found a blossoming altar of Fedhas.
  8309 | D:8      | Reached skill level 15 in Axes
  8311 | D:8      | Reached XP level 11. HP: 97/97 MP: 13/13
  8934 | D:9      | Noticed a brown ugly thing
  8934 | D:9      | Noticed a two-headed ogre
  8942 | D:9      | Killed a two-headed ogre
  8951 | D:9      | Killed a brown ugly thing
  8958 | D:9      | Reached skill level 16 in Axes
  8959 | D:9      | Reached skill level 10 in Fighting
  9144 | D:10     | Received a gift from Okawaru
  9268 | D:10     | Noticed a manticore
  9284 | D:10     | Killed a manticore
  9508 | D:10     | Found a radiant altar of Vehumet.
  9509 | D:10     | Found a snail-covered altar of Cheibriados.
  9940 | D:11     | Identified the +3 scale mail "Wetsoede" {Dex+2 Stlth+}
 10105 | D:12     | Reached skill level 5 in Invocations
 10125 | D:12     | Found a gate leading to a gauntlet.
 10136 | D:12     | Received a gift from Okawaru
 10158 | Gauntlet | Entered a Gauntlet
 10158 | Gauntlet | Found a transporter.
 10161 | Gauntlet | Noticed a ghost crab
 10162 | Gauntlet | Found a transporter.
 10163 | Gauntlet | Found a transporter.
 10164 | Gauntlet | Found a transporter.
 10167 | Gauntlet | Found a transporter.
 10168 | Gauntlet | Found a transporter.
 10177 | Gauntlet | Found a transporter.
 10204 | Gauntlet | Found a transporter.
 10310 | Gauntlet | Killed a ghost crab
 10311 | Gauntlet | Reached XP level 12. HP: 110/110 MP: 16/16
 10319 | Gauntlet | Identified the +0 chain mail of the Raven {*Corrode rF++}
 10320 | Gauntlet | Identified the ring "Lialopty" {Int+2 SInv}
 10342 | Gauntlet | Identified the +1 pair of boots of the Stars {^Contam Harm
                  | rN+++ Str-5}
 10362 | Gauntlet | Noticed a minotaur
 10375 | Gauntlet | Killed a minotaur
 10397 | Gauntlet | Received a gift from Okawaru
 10398 | Gauntlet | Reached skill level 17 in Axes
 10402 | Gauntlet | Identified the +6 sling of Hatred {drain, Str+2}
 10402 | Gauntlet | Identified the +6 glaive "Tethruane" {freeze, Dex+5}
 10502 | D:12     | Found a roughly hewn altar of Beogh.
 10504 | D:12     | Found a staircase to the Orcish Mines.
 10533 | D:12     | Reached skill level 10 in Armour
 10543 | D:13     | Noticed a catoblepas
 11119 | D:11     | Found a staircase to the Lair.
 11304 | D:11     | Noticed a boulder beetle
 11314 | D:11     | Killed a boulder beetle
 11957 | D:12     | Noticed a boulder beetle
 11972 | D:12     | Killed a boulder beetle
 11972 | D:12     | Received a gift from Okawaru
 12420 | D:12     | Noticed a vault guard
 12425 | D:12     | Killed a vault guard
 12436 | D:12     | Found a portal to a secret trove of treasure.
 12598 | D:13     | Killed a catoblepas
 12598 | D:13     | Received a gift from Okawaru
 12740 | D:13     | Noticed a centaur warrior
 12754 | D:13     | Killed a centaur warrior
 13461 | D:13     | Reached XP level 13. HP: 119/119 MP: 18/18
 13616 | D:13     | Reached skill level 18 in Axes
 13701 | Lair:1   | Entered Level 1 of the Lair of Beasts
 13800 | D:6      | Bought a +0 vampiric morningstar for 168 gold pieces
 14238 | Lair:1   | Received a gift from Okawaru
 14732 | Lair:2   | Noticed Nergalle
 14740 | Lair:2   | Killed Nergalle
 14975 | Lair:2   | Reached ****** piety under Okawaru
 14994 | Lair:2   | Received a gift from Okawaru
 15116 | Lair:2   | Found a staircase to the Snake Pit.
 15245 | Lair:2   | Identified the +0 plate armour of Lilacs {Dex+5}
 15432 | Lair:2   | Found a staircase to the Shoals.
 16441 | Lair:3   | Received a gift from Okawaru
 16452 | Lair:3   | Reached skill level 19 in Axes
 16902 | Lair:5   | Entered Level 5 of the Lair of Beasts
 17123 | Lair:4   | Reached XP level 14. HP: 54/133 MP: 18/20
 17127 | Lair:4   | Reached skill level 15 in Fighting
 17828 | Lair:5   | Received a gift from Okawaru
 17968 | Lair:5   | Found a staircase to the Slime Pits.
 17969 | Lair:5   | Found a viscous altar of Jiyva.
 18346 | Lair:5   | Identified a scroll of acquirement
 18348 | Lair:5   | Acquired a +1 executioner's axe of electrocution
 18516 | Lair:5   | Received a gift from Okawaru
 18847 | Lair:5   | Found a runed translucent gate.
 18847 | Lair:5   | Found a runed translucent gate.
 18847 | Lair:5   | Found a runed translucent gate.
 18848 | Lair:5   | Noticed Usyuh's ghost (journeyman DrFi)
 19245 | Lair:5   | Received a gift from Okawaru
 19299 | Lair:5   | Noticed a dire elephant
 19310 | Lair:5   | Killed a dire elephant
 19551 | Lair:5   | Reached skill level 20 in Axes
 19557 | Lair:5   | Killed Usyuh's ghost
 19568 | Lair:5   | Identified the +0 cloak "Ikomecutt" {+Blink Int+3}
 19718 | D:14     | Noticed Frances
 19735 | D:14     | Killed Frances
 20047 | D:14     | Noticed Rupert
 20060 | D:14     | Killed Rupert
 20089 | D:14     | Found a gate to the Vaults.
 20105 | D:14     | Found a runed translucent gate.
 20108 | D:15     | Entered Level 15 of the Dungeon
 20290 | D:14     | Reached XP level 15. HP: 138/145 MP: 22/22
 20301 | D:14     | Received a gift from Okawaru
 20518 | D:14     | Reached skill level 21 in Axes
 21153 | D:14     | Found Puamif's Weapon Shop.
 21232 | D:14     | Found a runed translucent gate.
 21233 | D:14     | Noticed a lich
 21233 | D:14     | Noticed Cusoif's ghost (adept HuCj)
 21235 | D:14     | Found a runed translucent gate.
 21235 | D:14     | Found an ancient bone altar of Kikubaaqudgha.
 21235 | D:14     | Noticed Cusoif's ghost (adept HuCj)
 21236 | D:14     | Noticed Agruq Axkidd's ghost (journeyman GrEE)
 21236 | D:14     | Noticed a lich
 21704 | D:15     | HP: 7/140 [orc knight/+0 battleaxe (9)]
 21704 | D:15     | HP: 3/140 [orc warrior/+0 halberd[an orc knight] (4)]
 21707 | D:15     | Slain by an orc knight

Illustrated notes

Levels and vault maps discovered:
D:1:      dpeg_arrival_central, layout_basic, reono_crystal_passage,
          minmay_misc_feat_more_columns, minmay_misc_feat_doors,
          minmay_split_cup_large
D:2:      layout_basic, serial_shops, nicolae_shop_window_shopping
D:3:      minmay_evil_eye, layout_basic, mainiacjoe_overflow_catwalk,
          nemelex_dance_club_becter
D:4:      layout_cave_pods, lemuel_doored_altar,
          mainiacjoe_overflow_surrounded_room,
          mainiacjoe_overflow_cross_hatched, minmay_temple_entry_steel_oval,
          serial_shops, nicolae_shop_crystal
D:5:      layout_loops_corners, mainiacjoe_overflow_24_doors,
          kennysheep_generic_room_13
D:6:      layout_rooms, chequers_temple_overflow_minitemple,
          mainiacjoe_overflow_brackets, serial_shops, nicolae_shop_behind_doors,
          billiards_dpeg, uniq_prince_ribbit1, uniq_maggie, uniq_duvessa
D:7:      layout_layer_cave, minmay_quadrilaterals, uniq_joseph
D:8:      layout_loops_corners, mainiacjoe_overflow_chevrons
D:9:      layout_roguey, enter_bailey_4, wad_scary_box
D:10:     layout_loops_ring, minitemple
D:11:     layout_long_grid, erik_lair_orcish_takeover, roderic_st_hans_cross,
          grunt_decor_cap
D:12:     layout_loops_corners, david_orc_5, gauntlet_entry_generic,
          enter_trove_5
D:13:     wad_pebble_path, layout_cave_pods, patterned_corridor
D:14:     layout_roguey [special_room_bee], erik_vaults_1,
          gammafunk_ghost_crypt, serial_shops, nicolae_shop_rolling_square,
          minmay_misc_feat_pillars, uniq_rupert, uniq_frances
D:15:     gammafunk_depths_entry_grave, layout_cave_pools, serial_shops, shop,
          nicolae_zig_zag_zippers
Temple:   corrupted_temple
Lair:1:   layout_regular_city, fungi_pond_lemuel, chequers_serial_rivers_micro_c
Lair:2:   layout_regular_city, shoals_dummy_entry, guppyfry_snake_entry_garden,
          serial_bayou_shore_a, uniq_nergalle
Lair:3:   layout_long_grid
Lair:4:   layout_gridlike, infiniplex_staircase_pool, grunt_megastairs_5
Lair:5:   grunt_lair_end_beastmaster, layout_gridlike, slime_entry_1,
          gammafunk_ghost_necromancy

Skill      XL: |  1  2  3  4  5  6  7  8  9 10 11 12 13 14 15 |
---------------+----------------------------------------------+-----
Fighting       | 4 5 6 7 9 11 12 14 16 17 | 17.0
Axes           | 3 4 5 6 8 10 12 15 16 17 19 20 21 | 21.5
Armour         | 4 5 6 7 8 9 10 11 12 | 12.8
Shields        | 4 5 6 7 8 |  8.4
Invocations    | 2 5 7 9 |  9.6
Throwing       | |  0.6

Action                     |  1- 3 |  4- 6 |  7- 9 | 10-12 | 13-15 || total
---------------------------+-------+-------+-------+-------+-------++-------
  Melee: War axe           |   118 |   230 |   179 |   438 |   210 ||  1175
         Morningstar       |       |       |       |       |   199 ||   199
         Executioner's axe |       |       |       |       |   211 ||   211
  Throw: Javelin           |       |       |       |       |    10 ||    10
 Invoke: Heroism           |       |       |       |     9 |     4 ||    13
         Finesse           |       |       |       |     3 |     3 ||     6
    Use: Scroll            |       |       |       |    14 |    10 ||    24
         Potion            |       |       |       |       |     6 ||     6
 Armour: Scale mail        |    63 |       |       |       |       ||    63
         Chain mail        |    16 |   166 |   111 |       |       ||   293
         Plate armour      |       |       |    38 |   281 |       ||   319
         Crystal plate arm |       |       |       |    67 |   868 ||   935
  Dodge: Dodged            |    43 |    76 |    43 |   110 |   206 ||   478
  Block: Buckler           |    20 |    62 |    39 |   127 |   140 ||   388

Table legend: (Time is in decaauts)
 A = Elapsed time spent in this place.
 B = Non-inter-level travel time spent in this place.
 C = Inter-level travel time spent in this place.
 D = Time resting spent in this place.
 E = Time spent auto-exploring this place.
 F = Levels seen in this place.
 G = Mean time per level.
                   A        B        C        D        E       F      G
               +--------+--------+--------+--------+--------+-----+--------+
         Total |  22340 |  21328 |   1012 |     54 |  16483 |  23 |  971.3 |
       Dungeon |  15798 |  14981 |    817 |     54 |  11753 |  15 | 1053.2 |
        Temple |     28 |     28 |      0 |      0 |      0 |   1 |   28.0 |
          Lair |   5872 |   5678 |    194 |      0 |   4598 |   5 | 1174.4 |
        Bailey |    365 |    365 |      0 |      0 |    132 |   1 |  365.0 |
      Gauntlet |    276 |    276 |      0 |      0 |      0 |   1 |  276.0 |
               +--------+--------+--------+--------+--------+-----+--------+

Top non-repeatable levels by time:
  Lair:5: 1794 daAuts
    D:14: 1787 daAuts
     D:7: 1594 daAuts
    D:11: 1351 daAuts
    D:12: 1326 daAuts
  Lair:2: 1290 daAuts
     D:5: 1137 daAuts
     D:4: 1124 daAuts
    D:13: 1115 daAuts
  Lair:3: 1067 daAuts
     D:6: 1067 daAuts
     D:3: 1040 daAuts
     D:8: 1008 daAuts
  Lair:4: 938 daAuts
     D:1: 879 daAuts
